AoeStats
← Nixo_89

Oasis

509770903Analyzed
3v3 RM · 5d ago on Sep 28, 2026· 68m 9s· 6 players
Game mode
Random Map
Map size
Normal (6 player)
Population
200
Speed
Normal
Resources
Standard
Victory
Conquest
Starting age
Dark Age
Ending age
Imperial Age
RankedLock teamsTeams togetherTeam positionsShared explorationLock speedFull tech treeHidden civsTurbo modeCheats
Victory
Defeat
🇦🇷 Turks · Argentina
1039
+14
🇨🇦 Bengalis · Canada
1001
+16
🇨🇱 Franks · Chile
996
+16
🇺🇸 Huns · United States
1029
-16
🇺🇸 Lithuanians · United States
1012
-16
🇺🇸 Goths · United States
953
-14
Puff the Magic Dragon 69
8:58 Feudal Age
11:15 Double-Bit Axe
12:06 Horse Collar
19:07 Castle Age
17:48 Stone Mining
17:58 Gold Mining
18:28 Bloodlines
20:19 Bow Saw
20:10 Heavy Plow
20:54 Wheelbarrow
23:49 Hand Cart
23:31 Loom
24:07 Forging
24:45 Gold Mining
27:18 Scale Barding Armor
28:58 Husbandry
31:12 Chain Barding Armor
32:35 Iron Casting
32:10 Town Watch
40:38 Imperial Age
40:57 Cavalier
42:36 Plate Barding Armor
43:42 Two-Man Saw
42:42 Fletching
43:12 Paladin
45:06 Chemistry
45:36 Crop Rotation
64:19 Light Cavalry
65:33 Winged Hussar
avl5
9:28 Loom
14:06 Feudal Age
15:29 Horse Collar
15:42 Town Watch
18:30 Castle Age
16:22 Double-Bit Axe
19:43 Bow Saw
22:53 Heavy Plow
25:09 Wheelbarrow
24:35 Town Patrol
25:11 Treadmill Crane
28:31 Fletching
29:04 Ballistics
28:39 Murder Holes
29:00 Masonry
29:13 Bodkin Arrow
29:24 Scale Mail Armor
29:35 Forging
29:30 Squires
30:21 Anarchy
35:31 Hand Cart
38:00 Imperial Age
35:12 Pikeman
36:59 Chain Mail Armor
37:19 Iron Casting
38:14 Halberdier
40:38 Blast Furnace
41:34 Chemistry
41:38 Caravan
44:31 Two-Man Saw
tbc427
8:56 Loom
11:27 Feudal Age
12:41 Double-Bit Axe
13:29 Gold Mining
20:39 Wheelbarrow
23:00 Castle Age
20:51 Horse Collar
21:54 Bloodlines
24:01 Forging
24:10 Husbandry
24:49 Stone Mining
25:45 Scale Barding Armor
26:11 Heavy Plow
31:14 Gold Shaft Mining
42:57 Bow Saw
47:40 Thumb Ring
49:11 Fletching
49:22 Padded Archer Armor
49:54 Bodkin Arrow
52:38 Imperial Age
50:33 Ballistics
51:39 Leather Archer Armor
51:53 Town Watch
52:15 Pikeman
52:56 Squires
53:25 Hand Cart
54:24 Chemistry
53:55 Parthian Tactics
53:05 Halberdier
55:03 Scale Mail Armor
55:39 Iron Casting
[GP] Stargazer
1:00 Loom
12:49 Feudal Age
23:39 Castle Age
24:36 Forging
24:31 Scale Barding Armor
24:19 Double-Bit Axe
29:29 Wheelbarrow
30:52 Husbandry
39:01 Iron Casting
38:48 Chain Barding Armor
44:03 Imperial Age
44:23 Ordonnance Companies
44:56 Fletching
44:29 Cavalier
44:38 Light Cavalry
46:13 Conscription
46:05 Gold Mining
46:08 Stone Mining
46:30 Bow Saw
47:19 Plate Barding Armor
48:47 Pikeman
49:28 Squires
52:02 Hand Cart
53:22 Siege Engineers
54:47 Gold Shaft Mining
56:21 Blast Furnace
56:11 Fortified Wall
56:11 Masonry
56:09 Chivalry
56:38 Treadmill Crane
57:29 Bodkin Arrow
57:55 Ballistics
58:36 Chemistry
58:36 Architecture
60:47 Murder Holes
61:30 Hoardings
60:57 Paladin
61:55 Town Watch
63:07 Guard Tower
63:02 Arrowslits
64:34 Scale Mail Armor
66:25 Elite Throwing Axeman
Andrew
6:30 Loom
11:13 Feudal Age
10:59 Loom
15:02 Castle Age
13:30 Double-Bit Axe
22:25 Imperial Age
22:32 Padded Archer Armor
26:05 Horse Collar
40:18 Leather Archer Armor
46:27 Ring Archer Armor
51:18 Artillery
56:14 Conscription
Nixo_89
0:37 Loom
13:06 Feudal Age
19:48 Castle Age
18:34 Double-Bit Axe
19:54 Horse Collar
25:27 Heavy Plow
28:30 Gold Mining
34:07 Imperial Age
34:08 Gold Shaft Mining
34:32 Fletching
34:53 Forging
35:23 Conscription
35:22 Fortified Wall
35:23 Masonry
36:59 Iron Casting
36:26 Padded Archer Armor
36:32 Scale Barding Armor
36:23 Bodkin Arrow
38:11 Bow Saw
39:44 Wheelbarrow
40:22 Two-Man Saw
39:53 Crop Rotation
41:43 Bracer
43:00 Husbandry
43:11 Bloodlines
42:24 Elite Battle Elephant
43:27 Paiks
44:00 Ballistics
44:40 Chemistry
44:14 Architecture
44:11 Chain Barding Armor
44:53 Blast Furnace
44:09 Leather Archer Armor
44:16 Elite Ratha (Ranged)
45:09 Light Cavalry
46:33 Plate Barding Armor
46:07 Siege Engineers
46:37 Architecture
46:19 Caravan
50:50 Ring Archer Armor
51:23 Squires
51:09 Gambesons
51:08 Pikeman
54:36 Mahayana
55:48 Scale Mail Armor
55:13 Halberdier
56:54 Chain Mail Armor
63:35 Murder Holes
65:51 Arson
Connection lost

Rejoining the realm…

Still unreachable

The connection could not be restored.

Session expired

The server has moved on; the page needs a fresh start.